 Dungeon Crawl Stone Soup version 0.29-a0-25-g7f48f510a0 (webtiles) character file.

Game seed: 7620163824472678903

147 lunkers the Digger (level 4, -7/33 HPs)
             Began as a Demigod Earth Elementalist on Jan 31, 2022.
             Killed by divine providence
             ... invoked by an orc priest
              (10 damage)
             ... on level 4 of the Dungeon.
             The game lasted 00:04:25 (3395 turns).

lunkers the Digger (Demigod Earth Elementalist)     Turns: 3395, Time: 00:04:25

Health: -7/33      AC:  4    Str:  9    XL:     4   Next: 81%
Magic:  6/10       EV: 12    Int: 21    God:
Gold:   49         SH:  0    Dex: 14    Spells: 2/8 levels left

rFire   . . .      SeeInvis .   i - +0 long sword
rCold   . . .      Faith    .   (no shield)
rNeg    . . .      Spirit   .   b - +0 robe
rPois   .          Reflect  .   (no helmet)
rElec   .          Harm     .   a - +1 cloak
rCorr   .          Rampage  .   (no gloves)
Will    .....                   (no boots)
Stlth   +.........              (no amulet)
HPRegen 0.11/turn               (no ring)
MPRegen 0.12/turn               (no ring)

@: silenced
A: high MP 1, forlorn, divine attributes
a: no special abilities


You were on level 4 of the Dungeon.
You visited 1 branch of the dungeon, and saw 4 of its levels.

You collected 49 gold pieces.

Inventory:

Hand Weapons
 i - a +0 long sword (weapon)
Missiles
 m - 14 stones
Armour
 a - a +1 cloak (worn)
 b - a +0 robe (worn)
Jewellery
 f - an amulet of guardian spirit
 o - a +4 ring of evasion
Scrolls
 e - a scroll of blinking {unknown}
 g - a scroll of identify
 n - a scroll of teleportation {unknown}
Potions
 c - a potion of brilliance {unknown}
 h - 3 potions of curing
 j - a potion of degeneration {unknown}
 k - a potion of flight {unknown}
 l - a potion of heal wounds {unknown}


   Skills:
 - Level 1.7 Dodging
 - Level 1.7 Stealth
 + Level 2.7 Spellcasting
 * Level 2.2 Conjurations
 - Level 0.8 Transmutations
 + Level 4.0 Earth Magic


You had 2 spell levels left.
You knew the following spells:

 Your Spells              Type           Power      Damage    Failure   Level
a - Stone Arrow           Conj/Erth      32%        3d9       12%         3
b - Passwall              Tmut/Erth      10%        N/A       8%          2
c - Sandblast             Erth           38%        2d10      2%          1

Your spell library contained the following spells:

 Spells                   Type           Power      Damage    Failure   Level
 Animate Skeleton         Necr           4%         N/A       14%         1
 Pain                     Necr           8%         1d4       14%         1
 Corpse Rot               Necr/Air       4%         N/A       21%         2
 Ensorcelled Hibernation  Hex/Ice        4%         N/A       21%         2
 Poisonous Vapours        Pois/Air       4%         N/A       21%         2
 Portal Projectile        Hex/Tloc       4%         N/A       38%         3
 Swiftness                Air            2%         N/A       38%         3
 Vampiric Draining        Necr           2%         2d6       38%         3
 Petrify                  Tmut/Erth      13%        N/A       45%         4
 Blade Hands              Tmut           3%         N/A       95%         5
 Excruciating Wounds      Necr           1%         N/A       98%         5


Dungeon Overview and Level Annotations

Branches:
Dungeon (3/15)

Annotations:
D:4 Grinder


Innate Abilities, Weirdness & Mutations

You have an increased reservoir of magic. (+10% MP)
You shall have no god before yourself.
Your divine heritage dramatically boosts your attributes as you level up.


Message History

The ufetubus hits you.
The ufetubus hits you but does no damage.
Okay, then.
The ufetubus hits you but does no damage.
The ufetubus barely misses you.
As you read the scroll labelled RASHIAVULA, it crumbles to dust.
It is a scroll of identify.
h - 3 potions of curing The ufetubus barely misses you.
The ufetubus hits you but does no damage.
The centaur skeleton hits you.
The centaur skeleton kicks you but does no damage.
The ufetubus hits you. The ufetubus barely misses you.
As you read the scroll labelled UQAUF SATO, it crumbles to dust.
A profound silence engulfs you.
It was a scroll of silence.
The ufetubus hits you. The ufetubus closely misses you.
The centaur skeleton hits you. The centaur skeleton kicks you.
An iguana comes into view.
The goblin hits you but does no damage.
Magic scrolls do not work when you're silenced!
Unknown command.
The ufetubus hits you but does no damage. x2
The ufetubus closely misses you.
The ufetubus hits you but does no damage.
The orc priest invokes the aid of Beogh against you.
You barely resist. Grinder gestures at you. Pain shoots through your body!
* * * LOW HITPOINT WARNING * * *
The orc priest mumbles some strange prayers to Beogh against you.
Beogh smites you!
* * * LOW HITPOINT WARNING * * *
Grinder blinks!
The ufetubus hits you.
* * * LOW HITPOINT WARNING * * *
The ufetubus closely misses you.
The orc priest casts a cantrip, but nothing happens.
The orc priest mumbles some strange prayers to Beogh against you.
Beogh smites you!
You die...

... ..# ###.. ...
.... ..# ##...###
...###......##
#............#
#............#
##............#
#@..$.........#
#5............# #
#.go..o...###.#.##
##.o......#.......
#O.............##
#.Z..............
.##..).###.......##
..................#
....#................


You could see an ogre, an orc priest, 2 orcs, an ufetubus, a goblin and a
centaur skeleton.

Vanquished Creatures
  Terence (D:3)
  Natasha (D:3)
  4 adders
  3 dart slugs
  6 endoplasms
  A giant cockroach (D:1)
  6 goblins
  6 hobgoblins (D:1)
  4 jackals (D:1)
  3 kobolds
  2 quokkas (D:2)
  6 ball pythons
  4 bats
  2 frilled lizards
  8 rats
57 creatures vanquished.

Notes
Turn   | Place    | Note
-------+----------+-------------------------------------------
     0 | D:1      | lunkers the Demigod Earth Elementalist began the quest for
                  | the Orb.
     0 | D:1      | Reached XP level 1. HP: 14/14 MP: 5/5
   163 | D:1      | Reached skill level 3 in Earth Magic
   274 | D:1      | Reached XP level 2. HP: 20/20 MP: 5/7
   373 | D:1      | Learned a level 2 spell: Passwall
  1001 | D:1      | Reached XP level 3. HP: 9/26 MP: 9/9
  1005 | D:1      | Learned a level 3 spell: Stone Arrow
  1918 | D:2      | Reached skill level 1 in Conjurations
  2634 | D:3      | Reached XP level 4. HP: 33/33 MP: 6/10
  2893 | D:3      | Noticed an angel
  2896 | D:3      | Noticed Natasha
  2905 | D:3      | Killed Natasha
  3372 | D:3      | Noticed Terence
  3375 | D:3      | Killed Terence
  3376 | D:3      | Reached skill level 4 in Earth Magic
  3376 | D:3      | You fall into a shaft and drop 1 floor!
  3376 | D:4      | Noticed Grinder
  3384 | D:4      | Noticed an ogre
  3395 | D:4      | Killed from afar by an orc priest

Illustrated notes

Levels and vault maps discovered:
D:1:      giann_forest_graveyard, layout_basic
D:2:      layout_loops_cross, minmay_misc_feat_columns
D:3:      layout_loops_ring, grunt_temple_overflow_order_and_chaos_1,
          worldfamousw_hep_ancestral_shrine, minivault_24, uniq_terence,
          uniq_natasha
D:4:      layout_basic, st_stairs_11, uniq_crazy_yiuf_cottage, uniq_grinder,
          uniq_robin

Skill      XL: |  1  2  3  4 |
---------------+-------------+-----
Earth Magic    | 3 4 |  4.0
Spellcasting   | 2 |  2.7
Conjurations   | 1 2 |  2.2
Dodging        | |  1.7
Stealth        | |  1.7
Transmutations | |  0.8

Action                   |  1- 3 |  4- 6 || total
-------------------------+-------+-------++-------
Melee: Unarmed           |    54 |       ||    54
       Long sword        |    12 |     8 ||    20
 Cast: Sandblast         |    35 |       ||    35
       Stone Arrow       |    25 |     8 ||    33
  Use: Scroll            |       |     2 ||     2
 Stab: Sleeping          |       |     1 ||     1
Armor: Robe              |    40 |    12 ||    52
Dodge: Dodged            |    39 |     9 ||    48

Table legend: (Time is in decaauts)
 A = Elapsed time spent in this place.
 B = Non-inter-level travel time spent in this place.
 C = Inter-level travel time spent in this place.
 D = Time resting spent in this place.
 E = Time spent auto-exploring this place.
 F = Levels seen in this place.
 G = Mean time per level.
                   A        B        C        D        E       F      G
               +--------+--------+--------+--------+--------+-----+--------+
         Total |   3407 |   3380 |     27 |     67 |   2918 |   4 |  851.8 |
       Dungeon |   3407 |   3380 |     27 |     67 |   2918 |   4 |  851.8 |
               +--------+--------+--------+--------+--------+-----+--------+

Top non-repeatable levels by time:
     D:1: 1405 daAuts
     D:2: 1162 daAuts
     D:3: 820 daAuts
     D:4: 18 daAuts
